 Dungeon Crawl Stone Soup version 0.27-a0-1434-g6f15984924 (webtiles) character file.

Game seed: 4909851947412154265

13 AarnesTheHuman the Magician (level 2, 20/20 HPs)
             Began as a Demonspawn Hedge Wizard on July 3, 2021.
             Got out of the dungeon alive.
             The game lasted 00:01:54 (1343 turns).

AarnesTheHuman the Magician (DsWz)                  Turns: 1343, Time: 00:01:55

Health: 20/20      AC:  2    Str: 10    XL:     2   Next: 24%
Magic:  6/6        EV: 12    Int: 15    God:
Gold:   53         SH:  0    Dex: 12    Spells: 6/7 levels left

rFire    . . .     SeeInvis .   g - +2 dagger (drain)
rCold    . . .     Faith    .   (no shield)
rNeg     . . .     Spirit   .   b - +0 robe
rPois    .         Reflect  .   c - +0 hat
rElec    .         Harm     .   (no cloak)
rCorr    .         Rampage  .   (no gloves)
Will     .....                  (no boots)
Stlth    ++........             (no amulet)
HPRegen  0.06/turn              (no ring)
MPRegen  0.10/turn              (no ring)

@: no status effects
A: talons 1
a: no special abilities


You escaped.
You visited 1 branch of the dungeon, and saw 1 of its levels.

You collected 53 gold pieces.

Inventory:

Hand Weapons
 a - a +0 dagger
 g - a +2 dagger of draining (weapon)
Armour
 b - a +0 robe (worn)
 c - a +0 hat (worn)
Jewellery
 i - an amulet of guardian spirit
Scrolls
 d - a scroll of amnesia {unknown}
 e - a scroll of teleportation {unknown}
 h - a scroll of enchant weapon {unknown}
Potions
 f - a potion of lignification {unknown}


   Skills:
 + Level 0.5 Fighting
 + Level 0.3 Short Blades
 + Level 1.8 Dodging
 + Level 1.8 Stealth
 + Level 3.3 Spellcasting
 + Level 1.0 Conjurations
 + Level 1.1 Summonings
 + Level 0.8 Translocations


You had 6 spell levels left.
You knew the following spells:

 Your Spells              Type           Power      Damage    Failure   Level
a - Magic Dart            Conj           20%        1d4       13%         1

Your spell library contained the following spells:

 Spells                   Type           Power      Damage    Failure   Level
 Call Imp                 Summ           5%         N/A       19%         2
 Blink                    Tloc           N/A        N/A       21%         2
 Slow                     Hex            2%         N/A       28%         2
 Lesser Beckoning         Tloc           2%         N/A       38%         3
 Conjure Flame            Conj/Fire      4%         6-21      43%         3
 Mephitic Cloud           Conj/Pois/Air  3%         N/A       45%         3
 Manifold Assault         Tloc           5%         N/A       98%         5


Dungeon Overview and Level Annotations

Branches:
Dungeon (1/15)

Altars:


Innate Abilities, Weirdness & Mutations

You have sharp toenails.


Message History

No target in view!
A dart slug comes into view.
A dart slug is nearby!
You hit the dart slug. You drain the dart slug.
The dart slug is heavily wounded.
You hit the dart slug. You claw the dart slug.
You kill the dart slug!
No target in view!
No target in view!
There is an open door here.
You open the door.
There is an open door here.
i - an amulet of guardian spirit A ball python comes into view.
The ball python hisses angrily.
Found a stone staircase leading down.
The ball python closely misses you. The ball python barely misses you.
You hit the ball python.
You kill the ball python!
No target in view!
No target in view!
There is a stone staircase leading down here.
You see here 4 stones.
Found a short sword.
No target in view!
Done exploring.
No target in view!
Done exploring.
Search for what [? for help]?
Okay, then.
Saving game... please wait.
Welcome back, AarnesTheHuman the Demonspawn Hedge Wizard.
Press ? for a list of commands and other information.
There is an open door here.
There is a staircase leading out of the dungeon here.
You can't go down here!
Are you sure you want to leave the Dungeon?
This will make you lose the game!
Alright, then stay!
Are you sure you want to leave the Dungeon?
This will make you lose the game!
You have escaped!

#........###'###.........###.
#....##..#8...8#..##.........
#...####.##.#.##.####...#####
#....##..#8.#.8#..##....#
#..).....##.#.##........#
#.########8...8########.#
#.#8#8#8#8#...#8#8#8#8#.#####
##.#...................#......
#..'.#####...@...#####.'..###.
#..#...................#..# ##
#..#8#8#8#8#...#8#8#8#8#..# #
#..########8...8########.##
#.........##.#.##......[.#
#.....##..#8.#.8#..##....#
#....####.##.#.##.####...#####
#.....##..#8...8#..##.........
#.........###+###........####.


There were no monsters in sight!

Vanquished Creatures
  A dart slug (D:1)
  An endoplasm (D:1)
  2 hobgoblins (D:1)
  3 ball pythons (D:1)
  A frilled lizard (D:1)
  3 kobolds (D:1)
  2 rats (D:1)
13 creatures vanquished.

Notes
Turn   | Place    | Note
-------+----------+-------------------------------------------
     0 | D:1      | AarnesTheHuman the Demonspawn Hedge Wizard began the quest
                  | for the Orb.
     0 | D:1      | Reached XP level 1. HP: 13/13 MP: 4/4
   814 | D:1      | Gained mutation: You have sharp toenails. [demonic
                  | ancestry]
   814 | D:1      | Reached XP level 2. HP: 20/20 MP: 6/6
  1343 | D:$      | Got out of the dungeon alive.

Illustrated notes

Levels and vault maps discovered:
D:1:      heliophobic_arrival_ceremonial_halls, layout_loops_ring,
          kennysheep_crisscross

Action                   || total
-------------------------++-------
Melee: Dagger            ||    30
       Kick              ||     1
 Cast: Magic Dart        ||     8
Armor: Robe              ||     7
Dodge: Dodged            ||    12

Table legend: (Time is in decaauts)
 A = Elapsed time spent in this place.
 B = Non-inter-level travel time spent in this place.
 C = Inter-level travel time spent in this place.
 D = Time resting spent in this place.
 E = Time spent auto-exploring this place.
 F = Levels seen in this place.
 G = Mean time per level.
                   A        B        C        D        E       F      G
               +--------+--------+--------+--------+--------+-----+--------+
         Total |   1342 |   1320 |     22 |    223 |   1002 |   1 | 1342.0 |
       Dungeon |   1342 |   1320 |     22 |    223 |   1002 |   1 | 1342.0 |
               +--------+--------+--------+--------+--------+-----+--------+

Top non-repeatable levels by time:
     D:1: 1342 daAuts
